 Dungeon Crawl Stone Soup version 0.29-a0-664-gff9cad4a3d (webtiles) character file.

Game seed: 4621053140466295985

37 happo123 the Skirmisher (level 3, -2/40 HPs)
             Began as an Ogre Fighter on June 22, 2022.
             Slain by a hobgoblin (4 damage)
             ... led by Robin
             ... on level 2 of the Dungeon.
             The game lasted 00:04:03 (1205 turns).

happo123 the Skirmisher (Ogre Fighter)              Turns: 1205, Time: 00:04:03

Health: -2/40      AC:  3    Str: 20    XL:     3   Next: 41%
Magic:  4/4        EV:  8    Int: 11    God:
Gold:   123        SH:  7    Dex:  8    Spells: 3/3 levels left

rFire   . . .      SeeInvis .   a - +0 war axe
rCold   . . .      Faith    .   c - +0 kite shield
rNeg    . . .      Spirit   .   b - +0 robe
rPois   .          Reflect  .   (helmet restricted)
rElec   .          Harm     .   (no cloak)
rCorr   .          Rampage  .   (gloves unavailable)
Will    .....                   (boots unavailable)
Stlth   +.........              (no amulet)
HPRegen 0.13/turn               (no ring)
MPRegen 0.09/turn               (no ring)

@: no status effects
A: large, unfitting armour, tough skin 1
a: no special abilities


You were on level 2 of the Dungeon.
You visited 1 branch of the dungeon, and saw 2 of its levels.

You collected 123 gold pieces.

Inventory:

Hand Weapons
 a - a +0 war axe (weapon)
Armour
 b - a +0 robe (worn)
 c - a +0 kite shield (worn)
Scrolls
 f - a scroll of immolation {unknown}
 g - 2 scrolls of identify {unknown}
 i - a scroll of teleportation {unknown}
 j - a scroll of blinking {unknown}
 k - a scroll of noise {unknown}
 l - a scroll of silence {unknown}
 m - a scroll of fear {unknown}
Potions
 d - a potion of might
 e - 2 potions of curing {unknown}
 h - a potion of flight {unknown}


   Skills:
 * Level 4.6 Fighting
 * Level 2.6 Axes
 + Level 2.8 Dodging
 + Level 3.2 Shields
 + Level 0.8 Spellcasting


You had 3 spell levels left.
You didn't know any spells.
Your spell library contained the following spells:

 Spells                   Type           Power      Damage    Failure   Level
 Ensorcelled Hibernation  Hex/Ice        0%         N/A       75%         2
 Spider Form              Tmut/Pois      0%         N/A       93%         3
 Anguish                  Hex/Necr       0%         N/A       100%        4


Dungeon Overview and Level Annotations

Branches:
Dungeon (2/15)

Altars:


Innate Abilities, Weirdness & Mutations

You are too large for most types of armour.
You have tough skin. (AC +1)


Message History

You barely miss the goblin.
The goblin is heavily wounded.
You slash the goblin!
You kill the goblin!
The goblin closely misses you. The goblin hits you with a +0 club.
The goblin closely misses you.
You hit the goblin.
You kill the goblin!
You hit the goblin but do no damage. The goblin barely misses you.
You closely miss the goblin. You completely miss the goblin.
You block the goblin's attack. The goblin hits you but does no damage.
You are poisoned.
The goblin hits you with a +0 dagger. You block the goblin's attack.
You barely miss the goblin. You slash the goblin!
You kill the goblin!
You feel very sick. The goblin barely misses you.
You barely miss the goblin. You barely miss the hobgoblin.
You feel sick. You block the goblin's attack. The hobgoblin hits you.
* * * LOW HITPOINT WARNING * * *
The goblin hits you but does no damage. The hobgoblin hits you.
* * * LOW HITPOINT WARNING * * *
You hit the goblin.
The goblin is severely wounded.
You hit the hobgoblin.
You feel sick.
The hobgoblin hits you but does no damage.
The goblin hits you with a +0 dagger.
* * * LOW HITPOINT WARNING * * *
You closely miss the goblin.
The goblin is severely wounded.
You closely miss the hobgoblin.
You feel sick. The goblin hits you but does no damage.
You block the hobgoblin's attack. The goblin hits you but does no damage.
The hobgoblin hits you.
* * * LOW HITPOINT WARNING * * *
You hit the goblin.
You kill the goblin!
You barely miss the hobgoblin.
You feel sick.
You are no longer poisoned.
The bat closely misses you. The hobgoblin hits you.
You die...

#.. #.. #.. .g #g
#b## #g)# . #@# .
#.# . #.# . #># .
#.# . #.#
.###############.#
.......).........#
..################


You could see 2 hobgoblins, a goblin and a bat.

Vanquished Creatures
  A worm (D:2)
  A ball python (D:1)
  2 endoplasms
  2 giant cockroaches (D:1)
  7 goblins
  6 hobgoblins
  3 jackals (D:2)
  3 kobolds
  3 bats
  A frilled lizard (D:1)
  A rat (D:1)
30 creatures vanquished.

Notes
Turn   | Place    | Note
-------+----------+-------------------------------------------
     0 | D:1      | happo123 the Ogre Fighter began the quest for the Orb.
     0 | D:1      | Reached XP level 1. HP: 24/24 MP: 1/1
   206 | D:1      | Reached XP level 2. HP: 22/32 MP: 2/2
   832 | D:1      | Found a faded altar of an unknown god.
  1065 | D:2      | Reached XP level 3. HP: 23/40 MP: 3/3
  1205 | D:2      | HP: 2/40 [poisoned by a goblin]
  1205 | D:2      | Slain by a hobgoblin

Illustrated notes

Levels and vault maps discovered:
D:1:      dpeg_arrival_tiny_a, layout_basic, ebering_ecumenical_altar_abandoned,
          nrook_mini_backslash, minmay_misc_feat_square
D:2:      layout_loops_ring, uniq_sigmund, uniq_robin, uniq_terence

Action                   || total
-------------------------++-------
Melee: War axe           ||    73
Armor: Robe              ||    25
Dodge: Dodged            ||    37
Block: Kite shield       ||    30

Table legend: (Time is in decaauts)
 A = Elapsed time spent in this place.
 B = Non-inter-level travel time spent in this place.
 C = Inter-level travel time spent in this place.
 D = Time resting spent in this place.
 E = Time spent auto-exploring this place.
 F = Levels seen in this place.
 G = Mean time per level.
                   A        B        C        D        E       F      G
               +--------+--------+--------+--------+--------+-----+--------+
         Total |   1242 |    941 |    301 |      0 |    716 |   2 |  621.0 |
       Dungeon |   1242 |    941 |    301 |      0 |    716 |   2 |  621.0 |
               +--------+--------+--------+--------+--------+-----+--------+

Top non-repeatable levels by time:
     D:1: 953 daAuts
     D:2: 288 daAuts
